 Dungeon Crawl Stone Soup version 0.30.0-29-ga12c61a403 (webtiles) character file.

Game seed: 6313745040694959899

361 Graphine the Ducker (level 6, -2/48 HPs)
             Began as a Human Gladiator on June 17, 2023.
             Killed by divine providence
             ... invoked by an orc priest
              (12 damage)
             ... on level 4 of the Dungeon.
             The game lasted 00:04:27 (2011 turns).

Graphine the Ducker (Human Gladiator)               Turns: 2011, Time: 00:04:29

Health: -2/48      AC:  9    Str: 15    XL:     6   Next: 99%
Magic:  2/2        EV: 12    Int:  8    God:
Gold:   167        SH:  0    Dex: 16    Spells: 5/5 levels left

rFire   + . .        f - +6 dagger of Causality {antimagic, rF+ rN+ SInv}
rCold   + . .        (no shield)
rNeg    + . .        p - +1 ring mail {rC+}
rPois   .            c - +0 helmet
rElec   .            (no cloak)
rCorr   .            g - +0 pair of gloves
SInv    +            l - +0 pair of boots
Will    .....        (no amulet)
Stlth   +            (no ring)
HPRegen 0.28/turn    (no ring)
MPRegen 0.08/turn

%: no passive effects
@: attractive
A: no striking features
a: no special abilities


You were on level 4 of the Dungeon.
You visited 1 branch of the dungeon, and saw 4 of its levels.

You collected 167 gold pieces.

Inventory:

Hand Weapons
 a - a +0 long sword
 e - a +1 flail of draining
 f - the +6 dagger of Causality (weapon) {antimagic, rF+ rN+ SInv}
   (You found it on level 3 of the Dungeon)

   rF:        It protects you from fire.
   rN:        It protects you from negative energy.
   SInv:      It lets you see invisible.
Missiles
 k - 2 throwing nets (quivered)
 n - a javelin
Armour
 b - a +0 leather armour
 c - a +0 helmet (worn)
 g - a +0 pair of gloves (worn)
 l - a +0 pair of boots (worn)
 p - a +1 ring mail of cold resistance (worn)
Wands
 q - a wand of flame (20)
Potions
 d - a potion of haste
 j - 3 potions of heal wounds {unknown}
 m - 3 potions of invisibility {unknown}
 r - a potion of magic {unknown}
 s - a potion of degeneration {unknown}
 t - a potion of brilliance {unknown}


   Skills:
 * Level 4.1 Fighting
 * Level 4.7 Long Blades
 - Level 2.0 Throwing
 + Level 0.3 Armour
 * Level 4.7 Dodging
 + Level 0.7 Stealth


You had 5 spell levels left.
You didn't know any spells.
Your spell library contained the following spells:

 Spells                   Type           Power      Damage    Failure   Level
 Ensorcelled Hibernation  Hex/Ice        0%         N/A       78%         2
 Passwall                 Tmut/Erth      0%         N/A       78%         2
 Ozocubu's Armour         Ice            0%         N/A       95%         3
 Swiftness                Air            0%         N/A       95%         3
 Ozocubu's Refrigeration  Ice            0%         4d7       100%        7


Dungeon Overview and Level Annotations

Branches:
Dungeon (4/15)             Temple (0/1) D:4

Altars:
Cheibriados
Fedhas
Uskayaw


Message History

The orc wizard is moderately wounded.
You hit the orc wizard but do no damage.
The orc wizard is moderately wounded.
You hit the orc wizard.
The orc wizard's magic leaks into the air.
The orc wizard is severely wounded.
The orc wizard barely misses you.
You hit the orc wizard.
You kill the orc wizard!
You hit the orc.
The orc is almost dead.
The orc hits you but does no damage.
The orc priest calls upon Beogh to heal the orc.
The orc is healed somewhat.
You closely miss the orc.
The orc is lightly wounded.
The orc closely misses you.
You hit the orc.
The orc is severely wounded.
The orc misses you.
You hit the orc.
The orc is almost dead.
You closely miss the orc.
The orc is almost dead.
The orc misses you.
You hit the orc.
You kill the orc!
You hit the iguana.
The iguana is lightly wounded.
The iguana closely misses you.
The orc priest mumbles some strange prayers to Beogh against you.
Beogh smites you!
* * * LOW HITPOINT WARNING * * *
You hit the iguana.
The iguana is heavily wounded.
The iguana bites you.
* * * LOW HITPOINT WARNING * * *
The orc priest calls down the wrath of Beogh upon you.
Beogh smites you!
You die...

. ...#.. ....o. ..
....##...... ...
#..........
....##.........
............# #
............#.#>..
..........o...o...
.........#l#.....
.........#@# ...
.....#####.# .
..... #.# .... #.#
... ... ... ...
... .....


You could see an iguana and an orc priest.

Vanquished Creatures
  Sigmund (D:2)
  A hound (D:4)
  Terence (D:2)
  An orc wizard (D:4)
  An adder (D:2)
  3 gnolls (D:3)
  A worm (D:2)
  4 dart slugs
  6 orcs
  2 ball pythons (D:3)
  5 bats
  5 endoplasms
  A giant cockroach (D:1)
  8 goblins
  2 hobgoblins
  2 quokkas
  2 frilled lizards
  4 kobolds
  6 rats
56 creatures vanquished.

Notes
Turn   | Place    | Note
-------+----------+-------------------------------------------
     0 | D:1      | Graphine the Human Gladiator began the quest for the Orb.
     0 | D:1      | Reached XP level 1. HP: 16/16 MP: 1/1
   110 | D:1      | Reached XP level 2. HP: 14/22 MP: 2/2
   446 | D:1      | Reached XP level 3. HP: 28/28 MP: 3/3
   789 | D:2      | Noticed Sigmund
   798 | D:2      | Killed Sigmund
   799 | D:2      | Reached XP level 4. HP: 24/37 MP: 4/4
   799 | D:2      | Reached XP level 5. HP: 28/42 MP: 5/5
   799 | D:2      | Reached XP level 6. HP: 32/48 MP: 6/6
   867 | D:2      | Found a hide-covered altar of Uskayaw.
  1009 | D:2      | Noticed Terence
  1018 | D:2      | Killed Terence
  1449 | D:3      | Identified the +6 dagger of Causality {antimagic, rF+ rN+
                  | SInv}
  1478 | D:3      | Found a blossoming altar of Fedhas.
  1524 | D:3      | Found a snail-covered altar of Cheibriados.
  1574 | D:3      | HP: 2/47 [frozen (1)]
  1982 | D:4      | Found a staircase to the Ecumenical Temple.
  2011 | D:4      | Killed from afar by an orc priest

Illustrated notes

Levels and vault maps discovered:
D:1:      onia_arrival_pyramid, layout_basic
D:2:      layout_rooms, basic_altar, wad_orctagon, uniq_terence, uniq_sigmund
D:3:      layout_rooms, cheibriados_altar_1, lemuel_doored_altar
D:4:      layout_basic, minmay_temple_entry_proselytizer,
          hangedman_abyss_or_decor_stabs, nicolae_elemental_shop,
          ebering_dispersal_statue_hall, chequers_serial_rivers_room_a

Skill      XL: |  1  2  3  4  5  6 |
---------------+-------------------+-----
Fighting       | 3 4 |  4.1
Long Blades    | 4 |  4.7
Dodging        | 4 |  4.7
Throwing       | |  2.0
Armour         | |  0.3
Stealth        | |  0.7

Action                     |  1- 3 |  4- 6 || total
---------------------------+-------+-------++-------
  Melee: Long sword        |    64 |    46 ||   110
         Punch             |     1 |       ||     1
         Dagger            |       |    62 ||    62
  Throw: Throwing net      |     4 |     1 ||     5
         Javelin           |     1 |     1 ||     2
    Use: Scroll            |       |     5 ||     5
         Potion            |       |     1 ||     1
   Stab: Sleeping          |     1 |     1 ||     2
         Held in net/web   |       |     2 ||     2
 Armour: Leather armour    |    17 |    32 ||    49
         Ring mail         |       |     1 ||     1
  Dodge: Dodged            |    46 |    78 ||   124
